Cogmind - Beta 15 @@@ ROGUE MODE // 2025.06.29 @ 22:45:29 Player: Cracklepappy Result: Destroyed by G-47 Trooper with Particle Gun Performance ------------- Evolutions (3) 1500 Regions Visited (10) 2000 Robots Destroyed (309) 1545 Value Destroyed (10285) 10285 Prototype IDs (34) 680 Alien Tech Used (0) 0 Bonus (2185) 2185 TOTAL SCORE: 18195 Bonus ------- High Alert Combat Kills 1739 Follower Combat Kills 557 Entered Garrisons 400 Friendly Fire -511 Cogmind --------- Core Integrity 0/700 Matter 255/300 Energy 32/160 System Corruption 2% Temperature Cool (9) Movement Flying (26) Location -7/Factory Parts ------- > --- POWER (1) -------- Light Nuclear Core > --- PROPULSION (4) --- Cooled VTOL Module Cooled VTOL Module Cooled VTOL Module Cooled VTOL Module > --- UTILITY (4) ------ Enhanced Optical Array Transport Network Coupler Improved Hacking Suite > --- WEAPON (4) ------- (None) > --- INVENTORY (5) ---- Biomechanical Wings High-capacity Matter Pod (200) Light Antimatter Cannon Neutron Missile Launcher Plasma Cutter Peak State ------------ > --- POWER ------------ Light Nuclear Core > --- PROPULSION ------- Improved Cesium-ion Thruster Cooled Cesium-ion Thruster Cooled Cesium-ion Thruster Biomechanical Wings > --- UTILITY ---------- Gravity Neutralizer Enhanced Optical Array Transport Network Coupler Improved Hacking Suite > --- WEAPON ----------- Light Antimatter Cannon Light Antimatter Cannon Light Antimatter Cannon Gravity Flail > --- INVENTORY -------- Cooled VTOL Module High-capacity Matter Pod Neutron Missile Launcher Plasma Cutter Ionic Axe [Rating: 77] Favorites ----------- Power Improved Ion Engine Engine Improved Ion Engine Power Core Light Nuclear Core Reactor Heavy Antimatter Reactor Propulsion Light Treads Treads Light Treads Wheel Armored Wheel Hover Unit Cooled Aerolev Unit Flight Unit Cooled Cesium-ion Thruster Utility Huge Storage Unit Device Improved Heat Sink Storage Huge Storage Unit Processor Transport Network Coupler Hackware Improved Hacking Suite Protection Hardened Medium Armor Plating Weapon Improved Assault Rifle Energy Gun Medium Laser Energy Cannon Advanced Beam Cannon Ballistic Gun Improved Assault Rifle Ballistic Cannon Light Antimatter Cannon Launcher Grenade Launcher Special Weapon Plasma Cutter Impact Weapon Gravity Flail Slashing Weapon Makeshift Axe Piercing Weapon Spear Build | -11 -10 -10 -9 -9 -9 -8 -8 -7 -7 -7 ------- Run | Yrd Mat Min Mat Sto Gar Mat Gar Fac Was Fac Slots Evolved 6 | . . . 2 . . 2 . 2 . . Power . | . . . . . . . . . . . Propulsion 2 | . . . 1 . . . . 1 . . Utility 2 | . . . . . . 1 . 1 . . Weapon 2 | . . . 1 . . 1 . . . . Parts Attached 175 | 7 18 2 20 31 4 20 17 33 3 20 Power 20 | 1 2 . 3 3 . 1 1 4 . 5 Engine 12 | 1 2 . 3 3 . 1 . 1 . 1 Core 7 | . . . . . . . 1 2 . 4 Reactor 1 | . . . . . . . . 1 . . Propulsion 61 | 2 2 . 8 14 3 5 7 11 1 8 Treads 30 | 2 2 . 6 14 . 5 1 . . . Leg . | . . . . . . . . . . . Wheel 11 | . . . 2 . 3 . 6 . . . Hover 1 | . . . . . . . . 1 . . Flight 19 | . . . . . . . . 10 1 8 Utility 41 | 2 5 . 3 4 1 6 4 9 2 5 Device 13 | 1 1 . 1 . 1 2 1 4 . 2 Storage 4 | 1 1 . 1 1 . . . . . . Processor 7 | . . . . . . 1 1 3 . 2 Hackware 6 | . . . . 1 . . 1 2 1 1 Protection 11 | . 3 . 1 2 . 3 1 . 1 . Artifact . | . . . . . . . . . . . Weapon 53 | 2 9 2 6 10 . 8 5 9 . 2 Energy Gun 3 | 1 2 . . . . . . . . . Energy Cannon 4 | . 1 1 2 . . . . . . . Ballistic Gun 29 | 1 3 . 3 8 . 8 4 2 . . Ballistic Cannon 4 | . 1 . . . . . . 2 . 1 Launcher 6 | . 1 1 . 2 . . . 1 . 1 Special Weapon 2 | . 1 . . . . . 1 . . . Impact Weapon 1 | . . . . . . . . 1 . . Slashing Weapon 3 | . . . 1 . . . . 2 . . Piercing Weapon 1 | . . . . . . . . 1 . . Special Melee Weapon . | . . . . . . . . . . . Unidentified Prototypes 19 | . 1 . 1 2 . 1 . 9 . 5 Parts Lost 33 | . 3 1 1 . . 4 9 1 . 14 Power 6 | . 1 . . . . . 1 1 . 3 Propulsion 10 | . 1 . 1 . . 1 2 . . 5 Utility 6 | . . . . . . 2 2 . . 2 Weapon 11 | . 1 1 . . . 1 4 . . 4 Highest Loss Streak 8 | . 1 1 1 . . 3 5 1 . 8 To Critical Strikes 1 | . . . . . . . . . . 1 Average Backups 19 | 5 18 18 22 24 23 23 22 5 5 4 Power . | . 1 . . 1 1 . . . . . Propulsion 5 | 3 4 2 4 5 9 9 10 . . . Utility 6 | . 5 6 9 9 4 4 4 1 2 1 Weapon 5 | 1 6 7 6 6 7 8 5 1 2 1 Tool/Special . | . . . . . . . . . . . Unused Backups 67 | 1 10 3 11 11 1 14 3 10 1 2 Power 4 | . . . 1 1 . 1 . 1 . . Propulsion 16 | 1 1 1 1 3 . 2 3 4 . . Utility 21 | . 4 2 5 1 1 3 . 2 1 2 Weapon 23 | . 5 . 3 6 . 7 . 2 . . Tool/Special 3 | . . . 1 . . 1 . 1 . . Average Slot Usage (%) 99 | . 99 100 99 100 100 99 99 98 100 95 Engine 9 | . 14 14 11 11 11 9 3 1 . . Core 1 | . . . . . . . 5 5 7 5 Treads 22 | . 27 28 31 33 28 19 4 . . . Wheel 3 | . . . . . 4 7 22 . . . Flight 4 | . . . . . . . . 29 30 29 Device 4 | . 2 13 5 . 2 4 3 7 7 2 Storage 9 | . 14 14 11 11 11 9 9 . . . Processor 3 | . . . . . . 2 7 12 15 18 Hackware 1 | . . . . . . . 5 7 7 7 Protection 6 | . 11 . 5 10 8 11 2 . . . Energy Cannon 6 | . 6 23 16 . . . . . . . Ballistic Gun 18 | . 7 . 15 32 27 35 31 20 . . Ballistic Cannon 2 | . 6 3 . . . . . 2 15 15 Slashing Weapon 1 | . . . . . 5 . 4 4 7 4 Peak Build Rating 77 | 7 14 16 23 29 32 34 40 70 72 77 Average Rating 28 | 5 10 15 21 23 27 30 35 50 69 69 On Entrance 29 | . 7 14 16 22 27 25 33 38 68 70 Naked Turns . | . . . . . . . . . . . Heaviest Build 113 | 14 55 56 105 105 105 113 105 23 23 23 Greatest Support 69 | 40 40 40 63 69 69 66 63 27 23 29 Greatest Overweight (x) 8 | . 1 1 5 1 8 3 8 . . 5 Average Overweight (x) . | . . 1 1 1 1 1 1 . . . Largest Inventory Capacity 25 | 8 20 20 25 25 25 25 25 25 5 5 Average Capacity 20 | 7 19 20 24 25 25 25 25 5 5 5 Most Carried 25 | 8 20 20 25 25 25 25 25 24 5 5 Average Carried 20 | 6 18 19 24 24 24 24 23 5 4 4 Final Capacity 25 | 8 20 20 25 25 25 25 25 5 5 5 Final Carried 25 | 8 20 20 25 25 25 25 25 5 5 5 Class Distribution -------------------- 31% | Tank 29% | Mutant 12% | Sprinter 9% | Scavenger-Gunner 7% | Gunner 7% | Scavenger-Tank Dominant Class ---------------- Mutant | -10/Materials Mutant | -10/Mines Tank | -9/Materials Tank | -9/Storage Tank | -9/Garrison Scavenger-Tank | -8/Materials Scavenger-Gunner | -8/Garrison Sprinter | -7/Factory Sprinter | -7/Waste Sprinter | -7/Factory Resources | -11 -10 -10 -9 -9 -9 -8 -8 -7 -7 -7 ----------- Run | Yrd Mat Min Mat Sto Gar Mat Gar Fac Was Fac Matter Collected 8823 | 281 399 463 594 1164 855 1163 1358 899 618 1029 Remotely 189 | . . . . . . . 189 . . . Salvage Created 11861 | 166 723 412 1371 1438 1467 1581 1636 1218 149 1700 Parts 664 | 9 52 29 94 91 70 89 84 73 3 70 Haulers Intercepted 25 | . 2 . 6 5 . 3 . 3 . 6 Recyclers Shooed 3 | . . . 1 . . . . 1 . 1 Parts Field Recycled . | . . . . . . . . . . . Retrieved Matter . | . . . . . . . . . . . Parts Self-Destructed . | . . . . . . . . . . . Prevented . | . . . . . . . . . . . Kills | -11 -10 -10 -9 -9 -9 -8 -8 -7 -7 -7 ------- Run | Yrd Mat Min Mat Sto Gar Mat Gar Fac Was Fac Combat Hostiles Destroyed 210 | . 15 15 26 29 26 26 31 19 . 23 Melee 3 | . . . . . . . . . . 3 Guns 146 | . 12 . 15 29 26 26 26 12 . . Cannons 24 | . 1 6 8 . . . . 1 . 8 AOE 35 | . 2 9 3 . . . 5 6 . 10 Classes Destroyed 17 | 2 7 1 1 . 2 3 . . 1 . Worker 21 | . . 1 3 4 . 2 . 2 . 9 Builder 8 | . 1 1 . . . 1 . . . 5 Tunneler 5 | 3 . . . . . . . . . 2 Hauler 25 | . 2 . 6 5 . 3 . 3 . 6 Recycler 18 | 1 1 2 2 . . 2 . 5 . 5 Mechanic 4 | . 1 . . . . . . . . 3 Operator 4 | . 1 . 1 . . 1 . . . 1 Watcher 11 | . 3 . 2 1 . 1 . 1 . 3 Swarmer 84 | . 8 9 13 11 3 6 9 13 . 12 Grunt 64 | . 7 6 6 5 14 10 13 1 . 2 Brawler 3 | . . . . . . 2 1 . . . Duelist 2 | . . . . . 1 . 1 . . . Protector 2 | . . . . . . 1 . . . 1 Sentry 41 | . . . 7 13 5 6 4 3 . 3 Hunter 4 | . . . . . . 1 1 1 . 1 Programmer 10 | . . . . . 3 . 2 1 . 4 Thug 1 | . . . . . . . . . 1 . Martyr 2 | . . . . . . . . . 2 . Best Kill Streak 10 | 2 5 9 5 5 6 5 10 9 . 7 Combat Bots Only 10 | . 4 6 4 4 6 5 10 9 . 6 Max Kills in Single Turn 6 | 1 2 6 3 2 2 2 4 6 1 4 Gunslinging 1 | . 1 . . . 1 1 1 1 . . Exploded 6 | . 1 4 3 . . . 4 6 . 3 Melee 1 | . . . . . . . . . . 1 Uniques/NPCs Destroyed . | . . . . . . . . . . . Combat | -11 -10 -10 -9 -9 -9 -8 -8 -7 -7 -7 -------- Run | Yrd Mat Min Mat Sto Gar Mat Gar Fac Was Fac Hostile Shots Fired 1068 | . 126 47 77 114 93 92 127 151 . 241 Missed 365 | . 35 13 21 29 27 25 33 75 . 107 Hits 703 | . 91 34 56 85 66 67 94 76 . 134 Melee 7 | . . . . . . 7 . . . . Projectile 696 | . 91 34 56 85 66 60 94 76 . 134 Critical Strikes 21 | . . 1 . 4 2 4 5 . . 5 Actively Blocked 1 | . . . . . . . 1 . . . Part Disruptions 1 | . . . . . 1 . . . . . Damage Taken 9038 | . 912 442 608 1041 882 1108 1368 746 20 1911 Core 1362 | . 118 85 99 70 103 44 132 178 . 533 Absorbed by Shields 9 | . . . . . . . 9 . . . Redirected to Shielding 237 | . 20 . . . . 31 186 . . . Regen/Repaired (Parts) 413 | . 93 . 81 . . . . 201 . 38 Core Remaining (%) 54 | 100 . 18 . . 32 . 68 . . . Volleys Fired 510 | 11 75 28 65 86 59 59 53 33 11 30 Largest 4 | 2 2 2 3 3 3 4 4 4 2 3 Hottest 204 | 70 120 136 204 69 69 92 98 102 102 153 Shots Fired 1435 | 22 147 52 168 258 167 236 187 117 20 61 Gun 1187 | 22 118 . 89 258 167 236 185 112 . . Cannon 233 | . 26 48 78 . . . . 4 20 57 Launcher 14 | . 2 4 1 . . . 2 1 . 4 Special 1 | . 1 . . . . . . . . . Kinetic 1229 | 11 67 23 89 258 167 236 185 116 20 57 Thermal 177 | 11 63 25 78 . . . . . . . Explosive 14 | . 2 4 1 . . . 2 1 . 4 Electromagnetic 15 | . 15 . . . . . . . . . Robot Hit Streak 17 | 5 10 5 14 17 15 15 11 10 3 3 Robot Miss Streak 10 | 4 7 7 4 4 3 4 10 7 2 8 Penetration Max . | . . . . . . . . . . . Secondary Targets 38 | . 4 . 2 2 10 6 10 4 . . Max Gunslinging Chain 2 | . 1 . 1 1 2 1 1 1 . . Shots Hit Robots 956 | 14 87 21 103 163 137 147 133 84 12 55 Core Hits 456 | 6 38 26 43 59 48 67 72 48 5 44 Critical Kills 9 | . . . 2 . 2 1 2 . . 2 Critical Parts Destroyed 12 | . . . . 2 1 2 . 1 1 5 Critical Strikes 37 | 1 3 . 2 2 6 3 7 1 1 11 Burn 3 | 1 2 . . . . . . . . . Meltdown 1 | . . . 1 . . . . . . . Destroy 12 | . . . 1 2 3 3 2 1 . . Blast 4 | . . . . . . . . . . 4 Corrupt 1 | . 1 . . . . . . . . . Smash 8 | . . . . . . . . . 1 7 Sever 8 | . . . . . 3 . 5 . . . Melee Attacks 235 | . . . 3 5 48 . 54 32 2 91 Impact 54 | . . . . . . . . 2 2 50 Slashing 175 | . . . 3 5 48 . 54 24 . 41 Piercing 6 | . . . . . . . . 6 . . Sneak Attacks 36 | . . . . . . . . 7 2 27 Combat Hostiles 3 | . . . . . . . . . . 3 Follow-up Attacks 6 | . . . . . . . . 1 . 5 Damage Inflicted 26172 | 149 1332 882 1999 2524 2825 2363 4293 2453 781 6571 Guns 11684 | 149 1009 . 857 2485 1824 2363 1726 1271 . . Cannons 3031 | . 146 391 984 . . . . 36 615 859 Explosions 3694 | . 177 477 114 . . . 1003 330 . 1593 Melee 7666 | . . . . . 1001 . 1564 816 166 4119 Ramming 97 | . . 14 44 39 . . . . . . Kinetic 12755 | 49 504 166 857 2485 1824 2363 1726 1307 615 859 Thermal 1944 | 100 535 225 984 . . . . . . 100 Explosive 3594 | . 177 477 114 . . . 1003 330 . 1493 Electromagnetic 116 | . 116 . . . . . . . . . Impact 3273 | . . . . . . . . 194 166 2913 Slashing 4393 | . . . . . 1001 . 1564 622 . 1206 Piercing . | . . . . . . . . . . . Highest Corruption 3 | . . . . . 1 1 3 1 1 2 Average Corruption 1 | . . . . . 1 1 1 1 1 1 Corruption Purged . | . . . . . . . . . . . Corruption Blocked . | . . . . . . . . . . . Effects 43 | . . . . . 6 3 15 4 3 12 Message Errors 8 | . . . . . 1 . 1 3 1 2 Matter Fused 11 | . . . . . 1 . 5 . 1 4 Heat Flow Errors 6 | . . . . . 1 1 2 . . 2 Energy Discharges 2 | . . . . . . 1 1 . . . Parts Fused 1 | . . . . . . . . . 1 . Data Loss (minor) 5 | . . . . . 2 1 2 . . . Data Loss (major) 5 | . . . . . . . 2 . . 3 Misfires 2 | . . . . . 1 . . . . 1 Alerts 2 | . . . . . . . 1 1 . . Weapon Failures 1 | . . . . . . . 1 . . . Overload Shots . | . . . . . . . . . . . Overflow Damage 2779 | . 5 . 20 . 84 . 78 318 96 2178 Projectiles 105 | . . . 20 . . . . . . 85 Explosions 60 | . 5 . . . . . . . . 55 Melee 2614 | . . . . . 84 . 78 318 96 2038 Knockbacks 18 | . 3 5 . . . . . . 2 8 Impact 10 | . . . . . . . . . 2 8 Kinetic 8 | . 3 5 . . . . . . . . Secondary . | . . . . . . . . . . . Self-Inflicted Damage 215 | . . 33 . . . . 110 . . 72 Shots 8 | . . 1 . . . . 6 . . 1 Rammed 11 | . . 4 4 3 . . . . . . Targets Rammed 14 | . . 4 5 5 . . . . . . Kicked . | . . . . . . . . . . . Crushed 3 | . . . 1 2 . . . . . . Highest Temperature 315 | 60 315 221 293 109 232 237 252 194 259 303 Average Temperature 63 | 23 101 54 74 29 36 60 88 49 123 76 Received Heat Transfer 2721 | . 303 219 153 345 231 441 501 156 9 363 Effects 9 | . 5 . 3 . . . . . . 1 Energy Bleed 2 | . 1 . 1 . . . . . . . Interference 6 | . 3 . 2 . . . . . . 1 Damage (minor) 1 | . 1 . . . . . . . . . Siege Activations . | . . . . . . . . . . . Martial Activations . | . . . . . . . . . . . Shielding Activations . | . . . . . . . . . . . Robots Disrupted . | . . . . . . . . . . . Combat Hostiles . | . . . . . . . . . . . Robots Corrupted 12 | . . . . . . . . . 2 10 Combat Hostiles 2 | . . . . . . . . . . 2 Parts Fried 25 | . . . . . . . . 1 7 17 Impact Corruptions 40 | . . . . . . . . 2 2 36 Robots Melted 1 | . . . 1 . . . . . . . Combat Hostiles . | . . . . . . . . . . . Parts Melted 9 | . 3 . 6 . . . . . . . Heat Transferred 4368 | 370 1665 407 1776 . . . . . . 150 Parts Sabotaged . | . . . . . . . . . . . Parts Stolen . | . . . . . . . . . . . Parts Stripped . | . . . . . . . . . . . Power Chain Reactions . | . . . . . . . . . . . Alert | -11 -10 -10 -9 -9 -9 -8 -8 -7 -7 -7 ------- Run | Yrd Mat Min Mat Sto Gar Mat Gar Fac Was Fac Maximum Alert Level 5 | . . 1 1 2 4 3 5 4 2 4 Low Security (%) 52 | 100 100 71 92 78 13 . . . . 7 Level 1 12 | . . 28 7 14 6 . . . 63 58 Level 2 14 | . . . . 6 28 87 23 1 36 10 Level 3 12 | . . . . . 32 12 28 86 . 8 Level 4 6 | . . . . . 17 . 32 12 . 15 Level 5 1 | . . . . . . . 15 . . . High Security . | . . . . . . . . . . . Max Security . | . . . . . . . . . . . Peak Influence 1953 | 5 107 268 263 466 1420 761 1953 1307 456 1347 Initial 1024 | . . 30 . 107 65 692 486 1024 455 207 Average 379 | . 25 119 94 160 729 643 1134 975 371 507 Influence Increases 10463 | 20 499 438 1279 949 1355 777 1577 1197 2 2370 Destroy 0b10 Robot/C 4700 | . 300 300 720 580 520 500 680 400 . 700 Destroy 0b10 Robot/NC 575 | 20 45 20 90 60 20 55 35 55 . 175 Destroy Leader 970 | . 70 60 192 182 30 138 40 98 . 160 Allied During Kill 266 | . . . 91 . . . 61 21 . 93 Successful Hack 368 | . 18 7 68 31 16 6 24 63 . 135 Select Force Hacks 80 | . 30 . . . . . . 50 . . Disable Machine 390 | . 30 15 30 45 . 30 60 . . 180 Anti-Garrison Action 1450 | . . . . . 700 . 600 150 . . Destroy Structure 389 | . 6 36 13 6 54 3 77 30 2 162 Partial Spotted 225 | . . . . 15 . . . 60 . 150 Lose Combat Pursuer 1050 | . . . 75 30 15 45 . 270 . 615 Influence Decreases 9121 | 20 420 517 1025 1102 36 1448 373 1849 1006 1325 Entered New Map 3088 | . . 49 . 147 36 728 263 929 846 90 Time Decay 3744 | 20 401 458 635 655 . 530 . 380 100 565 Lost Part 319 | . 19 10 10 . . 40 90 10 . 140 Lost Ally 470 | . . . 80 . . . 20 80 60 230 Purge Threat 1500 | . . . 300 300 . 150 . 450 . 300 Squads Dispatched 40 | . 3 . 2 3 . 4 . 12 . 16 Investigation 11 | . 2 . 1 . . . . 5 . 3 Extermination 7 | . . . . . . . . 2 . 5 Reinforcement 9 | . 1 . 1 . . 2 . 2 . 3 Assault 6 | . . . . . . 2 . 2 . 2 Garrison 7 | . . . . 3 . . . 1 . 3 Intercept . | . . . . . . . . . . . Searches Triggered . | . . . . . . . . . . . Construction Impeded 2 | . . . . . . . . . . 2 Haulers Reinforced 1 | . . . . . . . . 1 . . Active Scanning Responses . | . . . . . . . . . . . Cargo Convoy Interrupts 2 | . . . . . . . . 1 . 1 Stealth | -11 -10 -10 -9 -9 -9 -8 -8 -7 -7 -7 --------- Run | Yrd Mat Min Mat Sto Gar Mat Gar Fac Was Fac Distress Signals 14 | . 3 . 2 2 . 5 . . . 2 Communications Jammed . | . . . . . . . . . . . Distress Signals . | . . . . . . . . . . . Times Spotted 359 | . 31 15 44 35 26 38 31 46 7 86 Peak Tracking Total 15 | . 5 4 4 4 6 5 7 7 6 15 Tactical Retreats 32 | . . . 3 1 1 1 . 7 1 18 Traps | -11 -10 -10 -9 -9 -9 -8 -8 -7 -7 -7 ------- Run | Yrd Mat Min Mat Sto Gar Mat Gar Fac Was Fac Traps Triggered 30 | . . . . 1 16 . 6 2 . 5 Indirectly . | . . . . . . . . . . . Trap Hack Attempts . | . . . . . . . . . . . Triggered . | . . . . . . . . . . . Disarmed . | . . . . . . . . . . . Reprogrammed . | . . . . . . . . . . . Reused . | . . . . . . . . . . . Traps Extracted . | . . . . . . . . . . . Installed . | . . . . . . . . . . . Triggered . | . . . . . . . . . . . Most Traps Carried 3 | . . 3 3 1 . . . . . . Machines | -11 -10 -10 -9 -9 -9 -8 -8 -7 -7 -7 ---------- Run | Yrd Mat Min Mat Sto Gar Mat Gar Fac Was Fac Machines Disabled 39 | . 2 1 2 3 3 2 13 1 . 12 Max in Single Turn 5 | . 1 1 1 1 1 1 1 1 . 5 Garrison Access 2 | . . . . . . . . 2 . . Garrison Relay 12 | . . . . . 3 . 9 . . . Phase Generator 1 | . . . . . . . 1 . . . Machines Repaired . | . . . . . . . . . . . Machines Dismantled 3 | . . . . . . . 2 1 . . Machines Sabotaged . | . . . . . . . . . . . Overloaded Fab Kills 1 | . . . . . . . . 1 . . Hacking | -11 -10 -10 -9 -9 -9 -8 -8 -7 -7 -7 --------- Run | Yrd Mat Min Mat Sto Gar Mat Gar Fac Was Fac Machines Accessed 87 | . 10 1 14 12 2 7 2 18 . 21 Terminals 57 | . 7 1 11 11 2 4 2 9 . 10 Fabricators 7 | . . . . . . . . 4 . 3 Repair Stations 7 | . 1 . 1 . . . . 2 . 3 Recycling Units 2 | . 2 . . . . . . . . . Scanalyzers 9 | . . . 2 . . 2 . 1 . 4 Garrison Access 5 | . . . . 1 . 1 . 2 . 1 Total Hacks 249 | . 34 6 52 26 7 22 5 42 . 55 Successful 146 | . 14 2 37 17 1 17 3 28 . 27 Failed 103 | . 20 4 15 9 6 5 2 14 . 28 Catastrophic 22 | . 1 . 6 3 . 3 . 6 . 3 Database Lockouts . | . . . . . . . . . . . Manual 87 | . 22 6 19 7 . 4 2 13 . 14 Terminals 150 | . 26 6 30 24 7 9 5 20 . 23 Fabricators 17 | . . . . . . . . 11 . 6 Repair Stations 24 | . 5 . 5 . . . . 3 . 11 Recycling Units 3 | . 3 . . . . . . . . . Scanalyzers 45 | . . . 17 . . 12 . 3 . 13 Garrison Access 10 | . . . . 2 . 1 . 5 . 2 Terminal Hacks 64 | . 4 2 12 14 1 6 2 13 . 10 Part Schematic 7 | . . 2 2 . . . . 1 . 2 Robot Schematic 1 | . 1 . . . . . . . . . Robot Analysis 1 | . . . . 1 . . . . . . Prototype ID Bank 11 | . 2 . 4 2 . 1 . 2 . . Open Door 5 | . . . . 5 . . . . . . Branch Access Points 2 | . . . 1 . . . . . . 1 Emergency Access Points 2 | . . . . . . 1 . . . 1 Terminal Index 2 | . . . . 1 . . . 1 . . Repair Station Index 2 | . . . . . . . . 1 . 1 Scanalyzer Index 1 | . . . . . . . . . . 1 Alert Level 3 | . . . . 1 . 1 . 1 . . Unreport Threat 10 | . . . 2 2 . 1 . 3 . 2 Locate Traps 9 | . 1 . 1 1 . 2 . 3 . 1 Transport Status 1 | . . . 1 . . . . . . . Hauler Manifests 2 | . . . 1 . . . . 1 . . Registered Components 1 | . . . . 1 . . . . . . Zone Layout 1 | . . . . . . . . . . 1 Garrison Registry 1 | . . . . . . . 1 . . . Patrol Navigation 1 | . . . . . . . 1 . . . Security Stations 1 | . . . . . 1 . . . . . Fabricator Hacks 9 | . . . . . . . . 6 . 3 Network Status 2 | . . . . . . . . 1 . 1 Load Schematic 4 | . . . . . . . . 3 . 1 Build 3 | . . . . . . . . 2 . 1 Repair Station Hacks 12 | . 3 . 4 . . . . 2 . 3 Scan Component 7 | . 2 . 2 . . . . 1 . 2 Repair 5 | . 1 . 2 . . . . 1 . 1 Recycling Unit Hacks . | . . . . . . . . . . . Scanalyzer 36 | . . . 16 . . 10 . 2 . 8 Insert Component 18 | . . . 8 . . 5 . 1 . 4 Analyze 18 | . . . 8 . . 5 . 1 . 4 Garrison Access Hacks 4 | . . . . 1 . 1 . 1 . 1 Unlock Access 3 | . . . . 1 . 1 . . . 1 Seal Access 1 | . . . . . . . . 1 . . Unauthorized Hacks 21 | . 7 . 5 2 . . 1 4 . 2 Terminals 15 | . 6 . 5 1 . . 1 1 . 1 Assimilate 2 | . . . . . . . . 1 . 1 Botnet 1 | . . . . 1 . . . . . . Operators 1 | . 1 . . . . . . . . . Skim 10 | . 5 . 5 . . . . . . . Override 1 | . . . . . . . 1 . . . Fabricators 4 | . . . . . . . . 3 . 1 Overload 1 | . . . . . . . . 1 . . Recompile 3 | . . . . . . . . 2 . 1 Repair Stations . | . . . . . . . . . . . Recycling Units 1 | . 1 . . . . . . . . . Tunnel 1 | . 1 . . . . . . . . . Scanalyzers . | . . . . . . . . . . . Garrison Access 1 | . . . . 1 . . . . . . Reprogram 1 | . . . . 1 . . . . . . Data Cores Recovered 2 | . . . 1 . . 1 . . . . Used 1 | . . . . . . 1 . . . . Hacking Detections 76 | . 9 1 14 8 2 6 1 15 . 20 Full Trace Events 8 | . 2 . 1 1 1 . . 1 . 2 Feedback Events . | . . . . . . . . . . . Feedback Blocked . | . . . . . . . . . . . Robot Schematics Acquired 1 | . 1 . . . . . . . . . Robots Built 1 | . . . . . . . . 1 . . Authchips 1 | . . . . . . . . 1 . . Time 40 | . . . . . . . . 40 . . Total Robot Build Rating 1 | . . . . . . . . 1 . . Part Schematics Acquired 24 | . . 2 10 . . 5 . 2 . 5 Parts Built 2 | . . . . . . . . 1 . 1 Authchips 2 | . . . . . . . . 1 . 1 Time 120 | . . . . . . . . 58 . 62 Total Part Build Rating 10 | . . . . . . . . 3 . 7 Parts Repaired 5 | . 1 . 2 . . . . 1 . 1 Time 206 | . 26 . 58 . . . . 60 . 62 Parts Recycled . | . . . . . . . . . . . Recycled Matter . | . . . . . . . . . . . Retrieved Matter . | . . . . . . . . . . . Retrieved Components . | . . . . . . . . . . . Parts Scanalyzed 17 | . . . 8 . . 5 . 1 . 3 Part Schematics Acquired 17 | . . . 8 . . 5 . 1 . 3 Parts Damaged 2 | . . . . . . . . . . 2 Bothacking | -11 -10 -10 -9 -9 -9 -8 -8 -7 -7 -7 ------------ Run | Yrd Mat Min Mat Sto Gar Mat Gar Fac Was Fac Used RIF Installer . | . . . . . . . . . . . Robots Hacked . | . . . . . . . . . . . Non-combat . | . . . . . . . . . . . Combat . | . . . . . . . . . . . Robot Hacks Applied . | . . . . . . . . . . . Relay Couplers Released 51 | . . . . . 13 . 36 2 . . Machine Destruction 51 | . . . . . 13 . 36 2 . . Fabnet Peak Effective % . | . . . . . . . . . . . Robots Rewired 3 | . . . . . . . 3 . . . Allies Hacked 3 | . . . . . . . . . . 3 Hacks Repelled . | . . . . . . . . . . . Allies | -11 -10 -10 -9 -9 -9 -8 -8 -7 -7 -7 -------- Run | Yrd Mat Min Mat Sto Gar Mat Gar Fac Was Fac Total Allies 32 | . . 5 . . . . 5 2 19 1 Largest Group 19 | . . 5 5 . . . 5 4 19 13 Highest-Rated Group 465 | . . 82 82 . . . 86 55 465 322 Highest-Rated Ally 35 | . . 31 31 . . . 31 25 35 31 Initial Warlord ECA Mod 65 | . . . . . . 4 4 19 19 19 Total Orders 1 | . . . . . . . . 1 . . AID 1 | . . . . . . . . 1 . . Ally Attacks 315 | . . . 74 . . . 11 5 150 75 Total Damage 4729 | . . . 836 . . . 247 152 2109 1385 Kills 38 | . . . 14 . . . 3 1 6 14 Allies Corrupted 5 | . . . . . . . . . 2 3 Allies Melted . | . . . . . . . . . . . Intel | -11 -10 -10 -9 -9 -9 -8 -8 -7 -7 -7 ------- Run | Yrd Mat Min Mat Sto Gar Mat Gar Fac Was Fac Active Infowar (turns) 3457 | 113 44 . . . 598 454 . 348 203 1697 Optics 1219 | . . . . . . . . . . 1219 Seismic 1209 | 113 44 . . . 598 454 . . . . T.N.C. 2248 | . . . . . . . . 348 203 1697 Robot Analysis Total 1 | . . . . 1 . . . . . . Derelict Logs Recovered 1 | . . 1 . . . . . . . . Drone Launches . | . . . . . . . . . . . Drone Recoveries . | . . . . . . . . . . . Exploration | -11 -10 -10 -9 -9 -9 -8 -8 -7 -7 -7 ------------- Run | Yrd Mat Min Mat Sto Gar Mat Gar Fac Was Fac Turns Passed 18949 | 259 2263 1412 4256 2640 2442 1483 1414 880 203 1697 Spaces Moved 12647 | 132 817 538 1650 910 1014 596 711 1827 427 4025 Core 9 | 2 . . . . . . . . . 7 Treads 5073 | 130 817 538 1522 910 718 364 74 . . . Legs . | . . . . . . . . . . . Wheels 1293 | . . . 128 . 296 232 637 . . . Hover . | . . . . . . . . . . . Flight 6272 | . . . . . . . . 1827 427 4018 Fastest Speed 20 | 50 160 240 120 240 120 135 120 26 26 20 Average Speed 121 | 158 237 240 232 240 205 200 132 26 26 26 Slowest Speed 300 | 160 240 240 240 240 240 243 243 29 26 300 Overloaded Moves 12 | . . . . . . . . . . 12 Propulsion Burnouts . | . . . . . . . . . . . Robots Hopped 34 | . . . . . . . . 9 . 25 Potential Cave-ins . | . . . . . . . . . . . Cave-ins Triggered . | . . . . . . . . . . . Exploration Rate (%) 75 | 9 97 97 96 91 73 54 82 55 96 76 Regions Visited 10 Branch Regions 2 Pre-discovered Areas 4 | . 1 . 3 . . . . . . . Known Exits Taken 4 | . . 1 1 1 . 1 . . . . Unknown Exits Taken 2 | 1 1 . . . . . . . . . Scrap Searched 1 | . . 1 . . . . . . . . Spaces Dug 145 | . . 7 9 1 14 . 6 10 1 97 Terrain Destroyed 317 | . 5 38 9 1 14 . 32 27 2 189 Melee 63 | . . . 3 1 14 . 6 10 . 29 Projectile 31 | . 1 2 . . . . . 2 2 24 AOE 223 | . 4 36 6 . . . 26 15 . 136 Terrain Rammed . | . . . . . . . . . . . Walls Destroyed . | . . . . . . . . . . . Machines Disabled . | . . . . . . . . . . . Actions | -11 -10 -10 -9 -9 -9 -8 -8 -7 -7 -7 --------- Run | Yrd Mat Min Mat Sto Gar Mat Gar Fac Was Fac Total 14867 | 159 997 601 1951 1183 1192 757 985 2121 494 4427 Wait 676 | . 30 15 133 76 5 20 18 128 42 209 Move 12574 | 131 816 537 1649 909 1012 596 710 1809 426 3979 Hop 30 | . . . . . . . . 9 . 21 Pick Up 168 | 9 31 5 33 19 3 27 16 11 2 12 Fast Attach 42 | 7 3 . 4 4 1 2 . 11 3 7 Attach 43 | . 3 1 5 2 2 9 9 7 . 5 Detach 3 | . . . . . 2 . . 1 . . Swap 226 | . 20 7 20 34 27 16 35 37 3 27 Drop 197 | 1 19 4 34 41 5 28 10 40 5 10 Fire 510 | 11 75 28 65 86 59 59 53 33 11 30 Melee 220 | . . . 3 5 48 . 54 30 2 78 Ram . | . . . . . . . . . . . Kick . | . . . . . . . . . . . Crush 14 | . . 4 5 5 . . . . . . Escape Stasis 126 | . . . . 2 28 . 48 . . 48 Rewire 15 | . . . . . . . 15 . . . Trap . | . . . . . . . . . . . Miscellaneous 23 | . . . . . . . 17 5 . 1 Route ------- -11/Scrapyard -10/Materials (discovered 6 exits: *Mat x3 / *Min x2 / *Sub) -10/Mines (discovered 4 exits: *Mat x2 / *Exi / *Sub) -9/Materials (discovered 5 exits: *Mat x3 / *Min / *Sto) -9/Storage (discovered 3 exits: *Mat / [*Rec] / Gar) -9/Garrison (discovered 3 exits: *Mat x3) -8/Materials (discovered 2 exits: *Fac / Gar) -8/Garrison (discovered 3 exits: *Fac x3) -7/Factory (discovered 2 exits: [*Fac x2]) -7/Waste -7/Factory (discovered 4 exits: [*Fac] / *Low x2 / Gar) History --------- Turn | Location | Event 10 | -11/Scrapyard | Discovered new exit (range 14) 260 | -11/Scrapyard | Entered Materials 340 | -10/Materials | Build established: Mutant 541 | -10/Materials | Discovered new exit (range 16) 576 | -10/Materials | Discovered new exit (range 10) 971 | -10/Materials | Discovered new exit (range 3) 1212 | -10/Materials | Repaired Lgt. Treads 1332 | -10/Materials | Discovered new exit (range 15) 1602 | -10/Materials | Discovered new exit (range 13) 1713 | -10/Materials | Loaded intel: 18 trap records 1806 | -10/Materials | Learned location of 2 exits from Mines 1859 | -10/Materials | Identified exit to Subcaves 1892 | -10/Materials | Learned Storage stockpile data 2523 | -10/Materials | Entered Mines 2524 | -10/Mines | Identified exit to Exiles 2524 | -10/Mines | Identified exit to Materials 2586 | -10/Mines | Core integrity fell below 50% 2901 | -10/Mines | Core integrity fell below 20% 3051 | -10/Mines | A weapon hastily lodged in a ceiling crevice suddenly fell to the ground 3124 | -10/Mines | Discovered exit to Subcaves (range 7) 3177 | -10/Mines | Found a hidden stash of uninstalled traps 3209 | -10/Mines | Deemed a non-threat by the Exiles lab entrance 3372 | -10/Mines | Found a Scrap Suit stashed away for nefarious purposes 3559 | -10/Mines | Assisted by bots powering up and referring to "LRC-V3" 3935 | -10/Mines | Entered Materials 3935 | -9/Materials | Accompanied by 5 allies 3935 | -9/Materials | Evolved 2 slots: Propulsion x1, Weapon x1 3940 | -9/Materials | Led the pair of lost Derelicts to an unsafe place 4009 | -9/Materials | Identified exit to Mines 4009 | -9/Materials | Identified exit to Storage 4507 | -9/Materials | Build established: Scavenger-Gunner 4599 | -9/Materials | Discovered new exit (range 8) 5240 | -9/Materials | Learned location of Zion (-6) 5291 | -9/Materials | Learned 2 Storage zone layouts 5334 | -9/Materials | Identified exit to Materials 5392 | -9/Materials | Learned Storage trap positions 5404 | -9/Materials | Loaded intel: 11 trap records 5409 | -9/Materials | Repaired Lgt. Treads 5426 | -9/Materials | Learned location of Recycling (-9) 5457 | -9/Materials | Learned Storage garrison access intel 5487 | -9/Materials | Build established: Gunner 6260 | -9/Materials | Build established: Tank 7691 | -9/Materials | Repaired Plasma Cutter 8191 | -9/Materials | Entered Storage 8193 | -9/Storage | Loaded intel: 15 trap records 8195 | -9/Storage | Loaded intel: 1 garrison access location 8871 | -9/Storage | Discovered exit to Materials (range 16) 9422 | -9/Storage | Used back door to open Recycling access 9422 | -9/Storage | Discovered new exit (range 5) 9635 | -9/Storage | Found Prototype Launcher 9635 | -9/Storage | Identified Scatter Rocket Array 9708 | -9/Storage | Garrison activated, responded to threat 10204 | -9/Storage | Found Prototype Launcher 10204 | -9/Storage | Identified Gui. Missile Launcher 10709 | -9/Storage | Identified exit to Garrison 10831 | -9/Storage | Entered Garrison 10975 | -9/Garrison | Triggered checkpoint 11047 | -9/Garrison | Garrison Relay disabled 11154 | -9/Garrison | Triggered checkpoint 11179 | -9/Garrison | Core integrity fell below 50% 11441 | -9/Garrison | Triggered checkpoint 11506 | -9/Garrison | Garrison Relay disabled 11551 | -9/Garrison | Discovered exit to Materials (range 14) 11809 | -9/Garrison | Build established: Mutant 11963 | -9/Garrison | Triggered checkpoint 12041 | -9/Garrison | Learned Materials security intel 12080 | -9/Garrison | Discovered exit to Materials (range 10) 12210 | -9/Garrison | Triggered checkpoint 12216 | -9/Garrison | Triggered checkpoint 12371 | -9/Garrison | Triggered checkpoint 12439 | -9/Garrison | Discovered exit to Materials (range 3) 12522 | -9/Garrison | Garrison Relay disabled 13142 | -9/Garrison | Attempted to access garrison exit controls, blocked by remote lockdown 13273 | -9/Garrison | Entered Materials 13273 | -8/Materials | Evolved 2 slots: Utility x1, Weapon x1 13650 | -8/Materials | Build established: Scavenger-Tank 13961 | -8/Materials | Build established: Tank 14073 | -8/Materials | First assault squad dispatched 14164 | -8/Materials | Lost 3 parts (1n1u1w) 14378 | -8/Materials | Discovered new exit (range 8) 14431 | -8/Materials | Build established: Scavenger-Tank 14756 | -8/Materials | Identified exit to Garrison 14756 | -8/Materials | Entered Garrison 14834 | -8/Garrison | Triggered checkpoint 14934 | -8/Garrison | Garrison Relay disabled 15056 | -8/Garrison | Triggered checkpoint 15111 | -8/Garrison | Destroyed 7 combat bots 15181 | -8/Garrison | Destroyed 10 combat bots 15206 | -8/Garrison | Discovered new exit (range 11) 15232 | -8/Garrison | Triggered checkpoint 15287 | -8/Garrison | Triggered checkpoint 15326 | -8/Garrison | Garrison Relay disabled 15337 | -8/Garrison | Lost 5 parts (2n3w) 15346 | -8/Garrison | Discovered new exit (range 12) 15346 | -8/Garrison | Discovered new exit (range 55) 15346 | -8/Garrison | Discovered new exit (range 84) 15524 | -8/Garrison | Identified exit to Factory 15611 | -8/Garrison | Garrison Relay disabled 15650 | -8/Garrison | Rescued a captive Derelict 15652 | -8/Garrison | Rescued a captive Derelict 15730 | -8/Garrison | Triggered checkpoint 15809 | -8/Garrison | Garrison Relay disabled 15867 | -8/Garrison | Build established: Scavenger-Gunner 15873 | -8/Garrison | Phase Generator disabled 15958 | -8/Garrison | Triggered checkpoint 16000 | -8/Garrison | Garrison Relay disabled 16004 | -8/Garrison | Garrison Relay disabled 16010 | -8/Garrison | Garrison Relay disabled 16015 | -8/Garrison | Garrison Relay disabled 16023 | -8/Garrison | P-60 Hacker assimilated allied Bruiser 3b 16132 | -8/Garrison | Garrison Relay disabled 16170 | -8/Garrison | Entered Factory 16170 | -7/Factory | Accompanied by 3 allies 16170 | -7/Factory | Evolved 2 slots: Propulsion x1, Utility x1 16264 | -7/Factory | Discovered new exit (range 9) 16334 | -7/Factory | Garrison activated, responded to threat 16386 | -7/Factory | Destroyed 9 combat bots 16514 | -7/Factory | Fabricated Enh. Autogun (x1) 16537 | -7/Factory | Discovered new exit (range 3) 16637 | -7/Factory | Fabricated M-13 Machinist (x1) 16682 | -7/Factory | Repaired Enh. Autogun 16748 | -7/Factory | Build established: Sprinter 16813 | -7/Factory | Cargo convoy interrupted 16975 | -7/Factory | Destroyed 7 combat bots 17050 | -7/Factory | Manually triggered Chute Trap 17050 | -7/Factory | Sucked down chute 17050 | -7/Factory | Entered Waste 17064 | -7/Waste | Spotted C-40 Crusher 17072 | -7/Waste | Spotted C-40 Crusher 17076 | -7/Waste | Spotted C-40 Crusher 17084 | -7/Waste | Spotted C-40 Crusher 17086 | -7/Waste | Spotted C-40 Crusher 17086 | -7/Waste | Spotted C-40 Crusher 17093 | -7/Waste | Discovered new exit (range 10) 17099 | -7/Waste | Warlord forces began an assault 17115 | -7/Waste | Allies destroyed C-40 Crusher 17123 | -7/Waste | Allies destroyed C-40 Crusher 17129 | -7/Waste | Allies destroyed C-40 Crusher 17133 | -7/Waste | Allies destroyed C-40 Crusher 17143 | -7/Waste | Allies destroyed C-40 Crusher 17146 | -7/Waste | Allies destroyed C-40 Crusher 17159 | -7/Waste | Lost 4 allies 17253 | -7/Waste | Entered Factory 17253 | -7/Factory | Accompanied by 13 allies 17401 | -7/Factory | Identified exit to Lower Caves 17730 | -7/Factory | Fabricated Lgt. Antimatter Cannon (x1) 17864 | -7/Factory | Repaired Broken Lgt. Antimatter Cannon 18096 | -7/Factory | Discovered new exit (range 18) 18332 | -7/Factory | Identified exit to Garrison 18443 | -7/Factory | Cargo convoy interrupted 18555 | -7/Factory | Core integrity fell below 50% 18563 | -7/Factory | Found Prototype Processor 18563 | -7/Factory | Identified Exp. Signal Interpreter 18853 | -7/Factory | First assault squad dispatched 18877 | -7/Factory | Core integrity fell below 20% 18921 | -7/Factory | Lost 8 parts (1p3n1u3w) 18950 | -7/Factory | Destroyed by G-47 Trooper with Particle Gun Last Messages --------------- 18876_ S-27 Virus destroyed. 18879_ Gravity Neutralizer destroyed. 18880_ Cld. Cesium-ion Thruster destroyed. 18880_ Critical hit (Burn: +37). 18881_ Acquired Lgt. Nuclear Core. 18887_ Penetrated by Slug. 18890_ Lgt. Antimatter Cannon destroyed. 18890_ Critical hit (Burn: +37). 18920_ ALERT: Potential suspicious activity detected, Programmers report to Factory Zone 6W. 18926_ K-01 Serf cleans the Fusion Modulator. 18930_ System corrupted: Heat flow error (+129). 18936_ Sneak attack on A-02 Transporter. 18936_ A-02 Transporter destroyed. 18940_ Ionic Axe destroyed. 18942_ Acquired Cld. VTOL Module. 18944_ Imp. Cesium-ion Thruster destroyed. 18946_ Acquired Cld. VTOL Module. 18946_ T-07 Excavator destroyed. 18948_ Acquired Cld. VTOL Module. Map ----- +----------------------------------------------------+ | #????# #???????# #??????????????????????? | | #????# #???????# #??????????????????????? | | #????# #???????# #??????????????????????? | | #????# #??###### #??????????????????????? | | #????# #?? # #??????????????????????? | | #????# #? # #??????????????????????? | | #????# #? # #??????????????????????? | | #????# # # ##?????????????????????? | | #????# # # ################???????? | | #????# + # # #???????? | | #????# # #r # #???????? | | #????# # # # #???? #?? | | #???## #? # # #???? #?? | | #??### ^ #? # #] #??? #?? | | ###### #?? # # = #??? #?? | | #??###### # #??? #?? | | #???????# # ]]] #??? #?? | | """ #???????# # ]]] #?? #?? | | "Y" """ #???????# + ]]] ] #?? #?? | | """ ######### ################?? #?? | | """ # # # """""" #??????? #?? | | # # # """""" #?????? #?? | | """ """ # # =g# """""" #?????? #?? | | """ """ # # /# """""" #?????? #?? | | """ """ # # /%# #?????? #?? | | # = + !!@# #????? #?? | | # # *!=# ?????? #?? | | ###+########" !# =%#?? ???????? #?? | | ? ?????## = # =#####+########## #?? | | """ ????# # ! #?? | | """ "Y" #???# # +?? | | """ " " #???######### #?? | | """ #???????????# #?? | | !#???????????# #?? | | #????###########+#############+#########?? | | #????# #?????! ????????? | | #########????# #??? ??????? | | ?????????????# """" """ """" #?"""" """" """????? | | ?????????????# """" """ """" # """" """" """" ??? | | ?????????????# """" """ """" # """" """" """" #?? | | ?????????????# """" """" # """" """" """" #?? | | ?????????????# ! # """" """" """" ??? | | ?????????????# # """" """" """" ??? | | ?????????????# ! #? ? ??? | | ???###########"################??####????###?????? | | ???#" # ! ! #??????????????????????? | | ????# # ] #??????????????????????? | | ????# + """ """ #??????????????????????? | | ##### # * """ """ =#??????????????????????? | | #######+### """ """ #??????????????????????? | +----------------------------------------------------+ Best States ------------- Heat Dissipation 67 Energy Generation 15 Energy Capacity 280 Matter Stores 300 Matter Capacity 300 Sight Range 22 Terrain Scan Density 10 Additional Mass Support 6 Armor Coverage 375 Core Shielding 20 Weapon Shielding 66 Evasion (%) 72 Targeting Accuracy 8 Core Analysis 6 Recoil Reduction 3 Salvage Targeting 1 Offensive Hacking 12 Authchip Count 1 Item Schematics ----------------- Lgt. Assault Rifle | -10/Mines | Hacked Lgt. Treads | -10/Mines | Hacked Arm. Wheel | -9/Materials | Hacked Utility Shielding | -9/Materials | Hacked Transport Network Coupler | -9/Materials | Scanalyzed Autogun | -9/Materials | Scanalyzed Datajack | -9/Materials | Scanalyzed Hacking Suite | -9/Materials | Scanalyzed Hcp. Matter Pod | -9/Materials | Scanalyzed Hrd. Medium Armor Plating | -9/Materials | Scanalyzed Signal Interpreter | -9/Materials | Scanalyzed Mak. Axe | -9/Materials | Scanalyzed Imp. Flight Unit | -8/Materials | Scanalyzed Imp. VTOL Module | -8/Materials | Scanalyzed Enh. Autogun | -8/Materials | Scanalyzed Mic. Nuclear Core | -8/Materials | Scanalyzed Imp. Weapon Shielding | -8/Materials | Scanalyzed Adv. Trap Extractor | -7/Factory | Hacked Imp. Cesium-ion Thruster | -7/Factory | Scanalyzed Adv. Recoil Stabilizer | -7/Factory | Hacked Nuclear Pulse Array | -7/Factory | Hacked Lgt. Antimatter Cannon | -7/Factory | Scanalyzed Gravity Flail | -7/Factory | Scanalyzed Neutron Missile Launcher | -7/Factory | Scanalyzed Robot Schematics ------------------ M-13 Machinist | -10/Materials | Hacked Fabricated ------------ Enh. Autogun | x1 | -7/Factory | Authchip M-13 Machinist | x1 | -7/Factory | Authchip Lgt. Antimatter Cannon | x1 | -7/Factory | Authchip Repaired ---------- Lgt. Treads | 33% | -10/Materials Lgt. Treads | 56% | -9/Materials Plasma Cutter | 33% | -9/Materials Enh. Autogun | 10% | -7/Factory Lgt. Antimatter Cannon | 81% | -7/Factory | Broken Alien Tech Used ----------------- None Achievements -------------- None Challenges ------------ None Game ------ Seed AuthchipConcussiveWings Manual? 0 Play Time 02:55:21 Cumulative 997.5 hours Start 2025.06.29 @ 18:43:47 End 2025.06.29 @ 22:45:29 Sessions 1 Manual Loads 0 Difficulty Rogue Special Mode None Game No. 510 Rogue 510 Adventurer 0 Explorer 0 Win Type - Total 23 Types 10/4/3/0/1/1/2/2/0/0 Lore% 87 Gallery% 88 Achievement% 83 Wizard Run 0 Options --------- Layout 0 ASCII 0 Keyboard 0 Movement Numpad Keybinds 0 Fullscreen 2 Font 24/Smallcaps Map View 76x50 Zoom Use 0% Tactical HUD 1 Map Filters NONE Filters SHIFT_HUE(315) Steam 1 RUN: 3cfe496b-595f-495d-9983-b3390cea20ae